Map: Dusk Towers

Players

ShoWTimE

  • Race: Protoss Protoss

PartinG - Winner!

  • Race: Protoss Protoss

Event: DreamHack ROCCAT LotV Championship

VOD

Have the link to the VOD?

Description

Time

  • Played on: Nov. 26, 2015, 6:24 a.m.
  • Length: 11:50

All games in this series

Show
View Real Time Build Order
Export as new Build Order

ShoWTimE Protoss 

Build Orders: 1 Gate Expand, Oracle Opening, Zealot Archon 

Get SALT Encoding   

  12  0:01  Probe (Chrono Boost)  
  13  0:11  Probe (Chrono Boost)  
  14  0:18  Pylon  
  14  0:22  Probe (Chrono Boost)  
  15  0:36  Gateway, Probe (Chrono Boost)  
  16  0:47  Probe (Chrono Boost), Assimilator  
  17  0:57  Probe (Chrono Boost)  
  18  1:08  Probe (Chrono Boost)  
  19  1:22  Nexus  
  20  1:25  Probe (Chrono Boost)  
  20  1:33  Cybernetics Core  
  20  1:38  Probe (Chrono Boost)  
  21  1:41  Assimilator  
  21  1:48  Probe (Chrono Boost)  
  22  1:54  Pylon  
  22  1:59  Probe (Chrono Boost)  
  23  2:12  Adept  
  23  2:13  Mothership Core (Chrono Boost)  
  27  2:19  Warp Gate  
  27  2:23  Pylon  
  27  2:31  Probe (Chrono Boost)  
  27  2:35  Probe (Chrono Boost)  
  29  2:41  Probe (Chrono Boost)  
  30  2:46  Probe (Chrono Boost)  
  30  2:47  Stargate  
  31  2:52  Probe (Chrono Boost)  
  31  2:56  Stalker, Probe (Chrono Boost)  
  35  3:02  Probe (Chrono Boost)  
  36  3:07  Probe (Chrono Boost)  
  37  3:13  Probe (Chrono Boost)  
  37  3:17  Probe (Chrono Boost)  
  39  3:22  Pylon  
  39  3:23  Probe (Chrono Boost)  
  40  3:27  Probe (Chrono Boost)  
  40  3:31  Oracle (Chrono Boost)  
  40  3:33  Stalker  
  44  3:36  Probe  
  44  3:37  Probe  
  46  3:47  Probe  
  46  3:48  Probe  
  46  3:51  Pylon  
  46  3:52  Robotics Facility  
  48  3:56  Assimilator  
  48  3:59  Probe (Chrono Boost), Assimilator  
  48  4:00  Probe (Chrono Boost)  
  50  4:10  Probe (Chrono Boost)  
  50  4:15  Probe (Chrono Boost)  
  49  4:20  Probe (Chrono Boost)  
  49  4:25  Probe (Chrono Boost)  
  49  4:29  Gateway  
  50  4:31  Probe (Chrono Boost)  
  50  4:34  Gateway  
  50  4:35  Stalker  
  52  4:41  Probe (Chrono Boost)  
  52  4:51  Twilight Council  
  52  4:53  Probe x2 (Chrono Boost)  
  52  4:54  Pylon  
  52  4:56  Observer  
  52  4:57  Pylon  
  55  5:00  Stalker  
  57  5:08  Probe x2 (Chrono Boost)  
  57  5:13  Nexus  
  59  5:14  Pylon  
  59  5:18  Probe x2 (Chrono Boost)  
  61  5:27  Blink (Chrono Boost)  
  61  5:28  Stalker x3  
  63  5:29  Probe  
  63  5:30  Probe  
  69  5:37  Pylon  
  69  5:39  Probe  
  69  5:42  Probe  
  70  5:50  Probe  
  70  5:53  Stalker x2  
  70  5:54  Stalker  
  76  5:58  Probe  
  76  6:00  Probe  
  75  6:17  Stalker x3  
  78  6:21  Gateway  
  78  6:22  Gateway  
  78  6:27  Templar Archives, Probe, Forge  
  78  6:28  Probe  
  80  6:42  Stalker x3  
  80  6:43  Probe  
  80  6:44  Probe  
  80  6:45  Probe  
  89  6:49  Pylon  
  89  6:55  Probe x2  
  89  7:02  Photon Cannon  
  89  7:04  Photon Cannon  
  89  7:05  High Templar x2  
  93  7:09  Archon  
  93  7:11  Gateway, Protoss Ground Weapons Level 1  
  93  7:12  Gateway  
  93  7:13  Pylon, Photon Cannon  
  93  7:21  Probe x2  
  92  7:22  Probe  
  92  7:25  Pylon  
  94  7:30  Stalker x3  
  95  7:38  Probe, Robotics Bay  
  95  7:43  Probe  
  90  7:44  Probe  
  90  7:50  Probe  
  90  7:53  Probe  
  90  7:54  Photon Cannon  
  90  7:55  Probe  
  92  7:58  Stalker x2  
  92  8:03  Probe  
  92  8:04  Mothership Core, Probe  
  98  8:08  Stalker  
  98  8:11  Stalker  
  104  8:14  Stalker  
  104  8:15  Probe  
  104  8:17  Probe  
  108  8:23  Assimilator  
  106  8:27  Assimilator  
  106  8:29  Probe  
  106  8:31  Robotics Facility  
  107  8:34  Probe, Pylon  
  107  8:35  Probe  
  107  8:39  Disruptor (Chrono Boost)  
  113  8:41  Probe  
  113  8:45  Probe  
  113  8:47  Probe  
  115  9:01  Stalker x2  
  119  9:04  Stalker x2  
  119  9:05  Stalker  
  125  9:11  Probe  
  125  9:14  Nexus  
  125  9:16  Protoss Ground Weapons Level 2  
  126  9:19  Disruptor (Chrono Boost)  
  126  9:21  Pylon  
  132  9:28  Disruptor (Chrono Boost)  
  132  9:29  Probe x2  
  134  9:39  Pylon  
  134  9:43  Stalker x3  
  138  9:48  Stalker  
  140  9:55  Disruptor (Chrono Boost)  
  140  9:59  Stalker  
  145  10:00  Stalker, Pylon  
  147  10:13  Disruptor (Chrono Boost)  
  150  10:14  Stalker  
  150  10:15  Stalker x2  
  150  10:19  Stalker  
  156  10:31  Disruptor (Chrono Boost)  
  156  10:33  Probe  
  156  10:35  Stalker, Assimilator  
  160  10:36  Stalker  
  160  10:40  Assimilator  
  164  10:44  Fleet Beacon  
  164  10:45  Probe  
  164  10:46  Probe x2  
  167  11:04  Disruptor (Chrono Boost)  
  158  11:09  Stalker x4  
  158  11:10  Disruptor (Chrono Boost)  
  169  11:12  Stalker x2  
  169  11:13  Stalker  
  135  11:35  Stalker  
  135  11:36  Stalker x6  
Show
View Real Time Build Order
Export as new Build Order

PartinG Protoss - Winner!

Build Orders: Nexus First 

Get SALT Encoding   

  12  0:01  Probe (Chrono Boost)  
  13  0:11  Probe (Chrono Boost)  
  14  0:18  Pylon  
  14  0:22  Probe (Chrono Boost)  
  15  0:37  Probe (Chrono Boost)  
  16  0:54  Nexus  
  16  1:04  Gateway  
  16  1:08  Probe (Chrono Boost)  
  17  1:15  Assimilator  
  17  1:18  Probe (Chrono Boost)  
  17  1:22  Assimilator  
  18  1:29  Probe (Chrono Boost)  
  20  1:40  Probe (Chrono Boost)  
  20  1:50  Probe (Chrono Boost)  
  20  1:52  Cybernetics Core  
  21  1:58  Gateway  
  21  2:01  Probe (Chrono Boost)  
  22  2:06  Probe (Chrono Boost)  
  23  2:11  Probe (Chrono Boost)  
  24  2:17  Probe (Chrono Boost)  
  24  2:22  Probe (Chrono Boost)  
  26  2:26  Probe (Chrono Boost)  
  26  2:28  Stalker (Chrono Boost), Warp Gate  
  29  2:40  Probe  
  32  2:44  Mothership Core, Stalker (Chrono Boost)  
  34  2:53  Probe  
  34  2:54  Stalker (Chrono Boost)  
  37  3:05  Probe  
  38  3:07  Pylon  
  38  3:09  Pylon  
  38  3:25  Probe (Chrono Boost), Pylon  
  38  3:27  Probe (Chrono Boost)  
  40  3:33  Stargate  
  40  3:35  Stargate  
  40  3:36  Probe (Chrono Boost)  
  40  3:38  Probe (Chrono Boost), Assimilator  
  42  3:42  Assimilator  
  42  3:46  Probe (Chrono Boost), Pylon  
  43  3:49  Probe (Chrono Boost)  
  43  3:52  Pylon  
  44  3:57  Probe (Chrono Boost)  
  44  3:59  Probe (Chrono Boost), Pylon  
  46  4:08  Probe (Chrono Boost)  
  47  4:10  Probe (Chrono Boost)  
  48  4:17  Phoenix (Chrono Boost)  
  48  4:18  Probe  
  48  4:19  Phoenix (Chrono Boost)  
  48  4:20  Probe  
  51  4:30  Probe  
  50  4:32  Probe  
  51  4:42  Probe  
  51  4:43  Phoenix (Chrono Boost)  
  52  4:48  Probe  
  55  4:53  Phoenix (Chrono Boost)  
  55  4:54  Probe  
  56  5:05  Phoenix (Chrono Boost)  
  58  5:08  Probe  
  58  5:09  Probe  
  60  5:14  Phoenix (Chrono Boost)  
  60  5:15  Robotics Facility  
  60  5:21  Probe x2  
  64  5:24  Stalker  
  64  5:28  Phoenix (Chrono Boost)  
  68  5:35  Pylon  
  68  5:43  Phoenix (Chrono Boost)  
  68  5:49  Phoenix (Chrono Boost)  
  72  5:53  Probe x2  
  72  5:55  Pylon  
  74  6:14  Probe x2  
  72  6:18  Nexus  
  72  6:23  Immortal (Chrono Boost)  
  76  6:26  Twilight Council  
  76  6:29  Robotics Bay  
  76  6:32  Gateway  
  76  6:38  Pylon  
  76  6:42  Pylon  
  76  6:44  Pylon  
  76  6:46  Sentry x2  
  80  6:54  Immortal  
  84  7:01  Pylon  
  84  7:03  Pylon  
  84  7:05  Blink (Chrono Boost)  
  84  7:09  Pylon  
  84  7:11  Pylon  
  84  7:13  Stalker  
  84  7:15  Stalker  
  86  7:25  Probe x2  
  88  7:34  Gateway  
  88  7:37  Gateway  
  84  7:44  Disruptor  
  84  7:51  Gateway  
  85  7:52  Gateway  
  85  7:53  Stalker x2, Probe  
  85  7:54  Probe x2  
  92  7:59  Stalker  
  92  8:04  Probe  
  94  8:06  Probe x2  
  94  8:07  Gateway  
  94  8:10  Pylon  
  97  8:16  Assimilator  
  97  8:18  Probe x3  
  100  8:20  Assimilator  
  100  8:23  Disruptor  
  100  8:25  Forge  
  100  8:29  Probe  
  100  8:32  Probe (Chrono Boost)  
  100  8:33  Probe (Chrono Boost)  
  106  8:37  Pylon  
  106  8:43  Probe (Chrono Boost)  
  106  8:44  Probe (Chrono Boost)  
  106  8:47  Probe (Chrono Boost)  
  106  8:48  Protoss Ground Weapons Level 1 (Chrono Boost)  
  109  8:53  Probe (Chrono Boost)  
  110  8:56  Robotics Facility  
  110  8:59  Probe (Chrono Boost), Warp Prism (Chrono Boost)  
  113  9:02  Probe  
  113  9:09  Stalker x3  
  120  9:13  Pylon  
  120  9:22  Nexus  
  120  9:24  Pylon  
  120  9:25  Pylon  
  120  9:31  Disruptor (Chrono Boost)  
  120  9:33  Stalker  
  120  9:34  Stalker  
  127  9:45  Stalker x4  
  135  9:52  Stalker x2  
  139  9:58  Stalker x2  
  143  10:10  Stalker x4  
  151  10:16  Disruptor (Chrono Boost)  
  151  10:17  Disruptor (Chrono Boost)  
  157  10:32  Stalker x4  
  165  10:39  Photon Cannon  
  165  10:47  Disruptor (Chrono Boost)  
  165  10:48  Disruptor (Chrono Boost)  
  165  11:04  Stalker x7  
  165  11:05  Stalker  
  181  11:13  Assimilator x2  
  155  11:27  Stalker x6  
  155  11:28  Stalker  
  159  11:39  Stalker  

Tags
 
Add a new tag
Caveats
  • Supply blocks, unpowered buildings, or Contaminate may cause inaccurate times.
  • Supply counts are checked every 10 seconds.